 Dungeon Crawl Stone Soup version 0.31.0-32-g396128a36d (webtiles) character file.

Game seed: 1218852061441762355

33614 PaiMei the Dealer of Despair (level 13, -1/104 (106) HPs)
             Began as a Demonspawn Necromancer on Mar 27, 2024.
             Was an Elder of Kikubaaqudgha.
             Slain by an eight-headed hydra (3 damage)
             ... on level 5 of the Lair of Beasts.
             The game lasted 00:41:42 (26300 turns).

PaiMei the Dealer of Despair (DsNe)                Turns: 26300, Time: 00:41:42

HP:   -1/104 (106)  AC: 11    Str:  9    XL:     13   Next: 37%
MP:   19/28         EV: 15    Int: 29    God:    Kikubaaqudgha [****..]
Gold: 715           SH:  5    Dex: 15    Spells: 13/34 levels left

rFire   + . .        A - +6 morningstar "Killer Klown's Bane" {freeze, rElec rPois rC++ rCorr}
rCold   + + .        w - +0 buckler
rNeg    . . .        l - +2 leather armour {rF+}
rPois   +            (helmet restricted)
rElec   +            m - +1 cloak
rCorr   +            (no gloves)
SInv    .            (no boots)
Will    .....        (no amulet)
Stlth   ++           r - +4 ring of protection
HPRegen 2.37/turn    J - +6 ring of intelligence
MPRegen 0.21/turn

%: no passive effects
@: frozen, hasted, lightly drained, very quick
A: antennae 2, powered by death 1, spiny 1, big brain 2
a: Renounce Religion, Unearth Wretches


You were on level 5 of the Lair of Beasts.
You worshipped Kikubaaqudgha.
Kikubaaqudgha was greatly pleased with you.
You visited 3 branches of the dungeon, and saw 16 of its levels.
You also visited: Ossuary.

You collected 950 gold pieces.
You spent 235 gold pieces at shops.

Inventory:

Hand Weapons
 A - the +6 morningstar "Killer Klown's Bane" (weapon) {freeze, rElec rPois rC++ rCorr}
   (You bought it in a shop on level 7 of the Dungeon)

   rC++:      It greatly protects you from cold.
   rElec:     It insulates you from electricity.
   rPois:     It protects you from poison rCorr: It protects you from acid and
   corrosion.
 G - the +5 woodcutter's axe
   (You found it on level 8 of the Dungeon)
 H - the +6 dagger "Aragh" {freeze, +Blink Fly rElec Str-5}
   (You took it off a gnoll on level 8 of the Dungeon)

   Str-5:     It affects your strength (-5).
   rElec:     It insulates you from electricity.
   Fly:       It grants you flight.
   +Blink:    It lets you blink.
Missiles
 a - 43 poisoned darts (quivered)
 E - 2 throwing nets
Armour
 h - a +0 kite shield
 l - a +2 leather armour of fire resistance (worn)
 m - a +1 cloak (worn)
 w - a +0 buckler (worn)
Jewellery
 r - a +4 ring of protection (left hand)
 s - an amulet of guardian spirit
 v - a ring of see invisible
 B - a ring of flight
 J - a +6 ring of intelligence (right hand)
 N - a ring of poison resistance
Wands
 p - a wand of mindburst (12)
 z - a wand of iceblast (13)
 M - a wand of polymorph (7)
 Q - a wand of charming (5)
Scrolls
 c - 6 scrolls of teleportation
 f - a scroll of fog {unknown}
 g - a scroll of enchant weapon {unknown}
 i - a scroll of vulnerability {unknown}
 k - 2 scrolls of fear {unknown}
 n - 2 scrolls of butterflies {unknown}
 o - 4 scrolls of amnesia
 t - a scroll of acquirement {unknown}
 x - a scroll of revelation {unknown}
 y - 2 scrolls of poison {unknown}
 I - a scroll of brand weapon {unknown}
 L - 2 scrolls of identify
Potions
 b - a potion of magic
 e - 12 potions of curing
 j - a potion of haste
 q - a potion of ambrosia {unknown}
 u - 2 potions of heal wounds
 C - a potion of attraction {unknown}
 D - 4 potions of brilliance
 F - a potion of mutation {unknown}
 K - 2 potions of enlightenment {unknown}
 O - a potion of might {unknown}
 P - 2 potions of lignification {unknown}
Miscellaneous
 d - a phantom mirror


   Skills:
 + Level 11.6 Fighting
 - Level 9.1 Dodging
 - Level 2.1 Stealth
 + Level 5.9 Shields
 + Level 11.0 Spellcasting
 + Level 13.4 Necromancy


You had 13 spell levels left.
You knew the following spells:

 Your Spells              Type           Power      Damage    Failure   Level
a - Necrotise             Necr           100%       1d9       1%          1
b - Vampiric Draining     Necr           76%        2d11      1%          3
c - Animate Dead          Necr           76%        N/A       1%          4
d - Curse of Agony        Necr           76%        N/A       1%          5
e - Dispel Undead         Necr           76%        3d25      1%          4
f - Anguish               Hex/Necr       26%        N/A       4%          4

Your spell library contained the following spells:

 Spells                   Type           Power      Damage    Failure   Level
 Kiss of Death            Conj/Necr      100%       2d13      1%          1
 Sublimation of Blood     Necr           76%        N/A       1%          2
 Fugue of the Fallen      Necr           76%        N/A       1%          3
 Martyr's Knell           Necr/Summ      53%        N/A       4%          4
 Death Channel            Necr           38%        N/A       4%          6
 Shock                    Conj/Air       64%        1d7       7%          1
 Scorch                   Fire           32%        2d6       10%         2
 Swiftness                Air            16%        N/A       21%         3
 Airstrike                Air            8%         2d(2-18)  54%         4
 Animate Armour           Summ/Erth      32%        N/A       54%         4
 Flame Wave               Conj/Fire      16%        2d7       54%         4
 Summon Lightning Spire   Summ/Air       16%        N/A       54%         4
 Lee's Rapid Deconstruct  Erth           8%         3d7*      88%         5
 Bombard                  Conj/Erth      8%         9d2       100%        6
 Conjure Ball Lightning   Conj/Air       8%         3x3d6     100%        6
 Summon Cactus Giant      Summ           8%         N/A       100%        6
 Spellforged Servitor     Conj/Summ      8%         N/A       100%        7


Dungeon Overview and Level Annotations

Branches:
Dungeon (10/15)            Temple (1/1) D:4            Lair (5/5) D:8
 Shoals (0/4) Lair:3        Snake (0/4) Lair:3        Slime (0/5) Lair:4
    Orc (0/2) D:10        Ossuary (visited)

Altars:
Ashenzari
Cheibriados
Dithmenos
Fedhas
Gozag
Hepliaklqana
Kikubaaqudgha
Makhleb
Nemelex Xobeh
Okawaru
Qazlal
Ru
Sif Muna
Trog
Uskayaw
Vehumet
Wu Jian
Xom
Yredelemnul
Jiyva

Shops:
D:7 *

Portals:
Trove: D:10 (give +6 demon whip)

Annotations:
D:2 1 runed translucent door, Crazy Yiuf, Sigmund
Lair:2 exclusion: oklob plant


Innate Abilities, Weirdness & Mutations

You have a pair of antennae on your head.
You regenerate a little health from kills.
You are partially covered in sharp spines.
You have an extremely huge brain. (Int +4)


Message History

The eight-headed hydra bites you!
You block the eight-headed hydra's attack.
The eight-headed hydra misses you. The eight-headed hydra bites you.
The hell rat is struck by your spines. The hell rat misses you.
You feel yourself speed up.
The rime drake is struck by your spines.
The rime drake bites you but does no damage.
The yak gores you but does no damage. The hell rat is struck by your spines.
You kill the hell rat!
Kikubaaqudgha accepts your kill. The yak gores you!
* * * LOW HITPOINT WARNING * * *
The eight-headed hydra misses you.
The eight-headed hydra bites you but does no damage.
The eight-headed hydra bites you!
* * * LOW HITPOINT WARNING * * *
The eight-headed hydra bites you but does no damage.
The eight-headed hydra bites you.
* * * LOW HITPOINT WARNING * * *
The eight-headed hydra barely misses you.
You block the eight-headed hydra's attack.
The eight-headed hydra closely misses you.
The rime drake attacks as it pursues you!
The rime drake is struck by your spines.
The rime drake bites you but does no damage.
The yak closely misses you. The yak attacks as it pursues you!
The yak is struck by your spines. The yak barely misses you.
The yak is struck by your spines. The yak gores you but does no damage.
The eight-headed hydra attacks as it pursues you!
The eight-headed hydra bites you but does no damage.
The eight-headed hydra bites you.
* * * LOW HITPOINT WARNING * * *
The eight-headed hydra bites you.
* * * LOW HITPOINT WARNING * * *
The eight-headed hydra barely misses you.
The eight-headed hydra bites you!
* * * LOW HITPOINT WARNING * * *
The eight-headed hydra bites you.
You die...
Kikubaaqudgha rasps: "You have failed me!
Welcome... death!"

....P#.................#.......
...PP#.................#.....P.
.....................#.........
..#......P.P...................
......................#.....
.............r†.............
...........Y#...............
............DYkY............
.............@............#.
.........#.P......#.......P
#P...P...#..P..P..#...P....
...##....##......##....###. ...
#.....#......#.....# ..
##....##....## ## #....# ##..##


You could see an eight-headed hydra, 3 yaks, a rime drake and a hell rat.

Vanquished Creatures
  2 hydras
  A two-headed ogre (D:9)
  4 elephants
  2 black mambas
  An eye of devastation (Lair:4)
  Maggie (D:9)
  12 cane toads
  A torpor snail (Lair:5)
  2 rime drakes
  4 komodo dragons
  Psyche (D:9)
  A polar bear (Lair:2)
  A troll (D:10)
  A hornet (Lair:5)
  9 blink frogs
  A glass eye (Lair:4)
  A shadow (D:10)
  27 yaks
  9 wyverns
  3 basilisks
  2 acid dragons
  2 nagas (Lair:3)
  19 water moccasins
  An ice beast (D:6)
  Duvessa (D:5)
  2 black bears
  5 orc warriors
  2 sky beasts
  2 ogres (D:4)
  3 wolves
  7 centaurs
  2 phantoms
  An elf zombie (Ossuary)
  2 kobold brigands
  13 bullfrogs
  A gnoll sergeant (D:9)
  A scorpion (D:6)
  Dowan (D:5)
  4 howler monkeys
  2 bombardier beetles (D:4)
  A centaur zombie (Ossuary)
  2 human zombies (Ossuary)
  A jelly (D:5)
  7 orc priests
  A gnoll bouda (D:8)
  4 hounds
  2 iguanas
  18 orc wizards
  A sleepcap (D:8)
  A hell rat (Lair:5)
  9 hound zombies (Ossuary)
  2 mummies (Ossuary)
  11 gnolls
  5 adders
  2 white imps
  2 ufetubi (D:7)
  8 adder zombies (Ossuary)
  2 dart slugs (D:1)
  3 ribbon worms
  47 orcs
  6 ball pythons
  4 bats
  4 endoplasms
  2 giant cockroaches (D:4)
  6 goblins
  7 hobgoblins
  2 jackals (D:1)
  4 quokkas
  4 frilled lizards
  3 gnoll zombies (Ossuary)
  6 jackal zombies (Ossuary)
  13 kobolds
  3 kobold zombies (Ossuary)
  4 orc zombies (Ossuary)
  8 rats
362 creatures vanquished.

Vanquished Creatures (collateral kills)
  A catoblepas (Lair:3)
  2 boulder beetles
  A guardian serpent (Lair:5)
  2 black mambas (Lair:5)
  3 cane toads
  A torpor snail (Lair:5)
  A rime drake (Lair:5)
  4 komodo dragons
  A hornet (Lair:5)
  2 blink frogs (Lair:1)
  5 wyverns
  A basilisk (Lair:3)
  5 yaks
  4 water moccasins (Lair:5)
  4 wolves
  A bullfrog (Lair:2)
  A goblin (D:1)
  A frilled lizard (D:1)
40 creatures vanquished.

Vanquished Creatures (others)
  A hydra zombie (Lair:5)
  3 cane toad zombies
  A rime drake zombie (Lair:5)
  A bullfrog zombie (Lair:3)
  3 wolf zombies (Lair:5)
9 creatures vanquished.

Grand Total: 411 creatures vanquished

Notes
Turn   | Place    | Note
-------+----------+-------------------------------------------
     0 | D:1      | PaiMei the Demonspawn Necromancer began the quest for the
                  | Orb.
     0 | D:1      | Reached XP level 1. HP: 13/13 MP: 3/3
   115 | D:1      | Gained mutation: You have a pair of small antennae on your
                  | head. [demonic ancestry]
   115 | D:1      | Reached XP level 2. HP: 19/19 MP: 0/5
   814 | D:2      | Gained mutation: You have a pair of antennae on your head.
                  | [demonic ancestry]
   814 | D:2      | Reached XP level 3. HP: 25/25 MP: 2/6
  1086 | D:2      | Noticed Sigmund
  1289 | D:2      | Found a runed translucent door.
  1290 | D:2      | Noticed Crazy Yiuf
  2069 | D:3      | Learned a level 3 spell: Vampiric Draining
  2366 | D:3      | Reached skill level 1 in Fighting
  2494 | D:3      | Reached XP level 4. HP: 32/32 MP: 2/8
  2592 | D:3      | Reached skill level 5 in Necromancy
  3117 | D:3      | Noticed a gnoll sergeant
  3140 | D:2      | Reached XP level 5. HP: 35/38 MP: 3/9
  3910 | D:4      | Noticed an ogre
  4027 | D:4      | Killed an ogre
  4028 | D:4      | Reached XP level 6. HP: 35/46 MP: 0/11
  4197 | D:4      | Found a stormy altar of Qazlal.
  5187 | D:4      | Found a staircase to the Ecumenical Temple.
  5200 | Temple   | Entered the Ecumenical Temple
  5463 | D:5      | Entered Level 5 of the Dungeon
  5553 | D:5      | Reached skill level 6 in Necromancy
  5553 | D:5      | Gained mutation: You regenerate a little health from kills.
                  | [demonic ancestry]
  5553 | D:5      | Reached XP level 7. HP: 52/52 MP: 5/12
  5558 | D:5      | Found a sand-covered staircase.
  5563 | Ossuary  | Entered an ossuary
  7393 | Ossuary  | HP: 1/53 [human zombie (5)]
  7831 | D:5      | Noticed Duvessa
  7844 | D:5      | Killed Duvessa
  7845 | D:5      | Gained mutation: You have an unusually large brain. (Int
                  | +2) [demonic ancestry]
  7845 | D:5      | Reached XP level 8. HP: 56/60 MP: 0/15
  7848 | D:5      | Noticed Dowan
  7866 | D:5      | Killed Dowan
  8226 | D:5      | Found an ancient bone altar of Kikubaaqudgha.
  8234 | D:5      | Became a worshipper of Kikubaaqudgha
  8508 | D:5      | Reached skill level 7 in Necromancy
  8875 | D:6      | Reached skill level 5 in Spellcasting
  9422 | D:6      | Reached skill level 5 in Dodging
  9477 | D:6      | Reached skill level 5 in Fighting
 10981 | D:7      | Found an opulent altar of Gozag.
 11007 | D:7      | Reached XP level 9. HP: 67/68 MP: 11/17
 11012 | D:7      | Learned a level 4 spell: Animate Dead
 11142 | D:7      | Found a shadowy altar of Dithmenos.
 11197 | D:7      | Reached skill level 8 in Necromancy
 11353 | D:7      | Found Joabu's CLEARANCE SALE!.
 11422 | D:7      | Bought the +6 morningstar "Killer Klown's Bane" {freeze,
                  | rElec rPois rC++ rCorr} for 235 gold pieces
 11434 | D:7      | Found a sacrificial altar of Ru.
 11658 | D:7      | Reached * piety under Kikubaaqudgha
 11658 | D:7      | Received a gift from Kikubaaqudgha
 12686 | D:8      | Identified the +6 dagger "Aragh" {freeze, +Blink Fly rElec
                  | Str-5}
 13293 | D:8      | Found the +5 woodcutter's axe
 13480 | D:8      | Reached skill level 9 in Necromancy
 13578 | D:8      | Noticed a komodo dragon
 13804 | D:8      | Killed a komodo dragon
 13805 | D:8      | Gained mutation: You have an extremely huge brain. (Int +4)
                  | [demonic ancestry]
 13805 | D:8      | Reached XP level 10. HP: 46/77 MP: 0/20
 14055 | D:8      | Found a staircase to the Lair.
 14207 | D:9      | Noticed a two-headed ogre
 14668 | D:9      | Reached ** piety under Kikubaaqudgha
 15119 | D:9      | Noticed Maggie
 15302 | D:9      | Noticed Psyche
 15310 | D:9      | Killed Psyche
 15311 | D:9      | Reached skill level 10 in Necromancy
 15317 | D:9      | Killed Maggie
 15814 | D:8      | Learned a level 5 spell: Curse of Agony
 15921 | D:9      | Killed a two-headed ogre
 16256 | D:10     | Entered Level 10 of the Dungeon
 16263 | D:10     | Found an ornate altar of the Wu Jian Council.
 16283 | D:10     | Found a portal to a secret trove of treasure.
 16699 | D:10     | Found a blossoming altar of Fedhas.
 16791 | D:10     | Gained mutation: You are partially covered in sharp spines.
                  | [demonic ancestry]
 16791 | D:10     | Reached XP level 11. HP: 71/83 MP: 13/23
 17108 | D:10     | Found a staircase to the Orcish Mines.
 18119 | Lair:1   | Entered Level 1 of the Lair of Beasts
 18463 | Lair:1   | Reached *** piety under Kikubaaqudgha
 18463 | Lair:1   | Received a gift from Kikubaaqudgha
 18738 | Lair:1   | Noticed a boulder beetle
 19077 | Lair:1   | Killed a boulder beetle
 19078 | Lair:1   | Reached skill level 11 in Necromancy
 20302 | Lair:2   | Found a shadowy altar of Dithmenos.
 20302 | Lair:2   | Noticed an oklob plant
 20518 | Lair:2   | Identified the +9 trident "Qiniobap" {holy, rF+ Int+3}
 20528 | Lair:2   | Reached skill level 1 in Shields
 20648 | Lair:2   | Got the Catalogue of Deathly Assaults
 20687 | Lair:2   | Reached XP level 12. HP: 60/97 MP: 25/25
 21232 | Lair:3   | Reached skill level 10 in Fighting
 21387 | Lair:3   | Noticed a catoblepas
 21399 | Lair:3   | Killed a catoblepas
 21779 | Lair:2   | Learned a level 4 spell: Dispel Undead
 21784 | Lair:2   | Learned a level 4 spell: Anguish
 21796 | Lair:3   | Reached skill level 12 in Necromancy
 22287 | Lair:3   | Found a staircase to the Snake Pit.
 22504 | Lair:3   | Found a staircase to the Shoals.
 22855 | Lair:3   | Reached skill level 10 in Spellcasting
 22917 | Lair:3   | Noticed a four-headed hydra
 22923 | Lair:3   | Killed a four-headed hydra
 23236 | Lair:3   | Noticed a boulder beetle
 23245 | Lair:3   | Killed a boulder beetle
 23245 | Lair:3   | Reached **** piety under Kikubaaqudgha
 23517 | Lair:4   | Found a viscous altar of Jiyva.
 23518 | Lair:4   | Found a staircase to the Slime Pits.
 24708 | Lair:5   | Entered Level 5 of the Lair of Beasts
 24847 | Lair:5   | Reached skill level 5 in Shields
 24852 | Lair:5   | Reached XP level 13. HP: 80/106 MP: 12/27
 24855 | Lair:5   | Reached skill level 13 in Necromancy
 26300 | Lair:5   | HP: 2/104 [eight-headed hydra (11)]
 26300 | Lair:5   | Slain by an eight-headed hydra

Illustrated notes

Levels and vault maps discovered:
D:1:      eino_arrival_water_cross, layout_basic, minmay_tetromino_i2
D:2:      layout_basic, uniq_crazy_yiuf_cottage, uniq_robin, uniq_sigmund
D:3:      layout_basic, serial_co_window_serial, co_window_corner_a,
          co_window_paths_a, co_window_paths_b, co_window_paths_b,
          co_window_paths_b, co_window_of_opportunity_a, co_window_paths_b,
          co_window_of_opportunity_a, co_window_corner_a,
          co_window_unsneaky_path_e, co_window_broadway_c,
          co_window_of_opportunity_b, co_window_unsneaky_path_a,
          glass_columns_b, glass_columns_a, glass_columns_b
D:4:      layout_basic, nicolae_qazlal_scattered_showers, temple_hall,
          minmay_liquid_box, minmay_misc_feat_hallway, kennysheep_generic_room_5
D:5:      layout_basic, mainiacjoe_overflow_surrounded_room,
          serial_corexii_hall, corexii_hall_statues_x, corexii_hall_statues_l,
          corexii_hall_statues_i, chequers_hall_statues_y, enter_ossuary_2,
          uniq_duvessa
D:6:      layout_basic, mainiacjoe_overflow_tiny_flanked
D:7:      layout_basic, grunt_dithmenos_shadows, mainiacjoe_overflow_alcove_1,
          nicolae_ru_path_of_blood, nicolae_shop_clearance
D:8:      layout_rooms, david_lair_shrubbed
D:9:      layout_basic, uniq_psyche, uniq_maggie
D:10:     layout_loops_corners, fedhas_ov_isle_minmay,
          mainiacjoe_overflow_catwalk, hiddenorc1_lemuel,
          nicolae_trove_entry_isolated, hangedman_glass_teeth
Temple:   nicolae_temple_great_sept
Lair:1:   layout_cave_pods, amcnicky_mini_pool_medium
Lair:2:   layout_loops_ring, lemuel_oklob_altar
Lair:3:   layout_long_grid, shoals_dummy_entry, guppyfry_snake_entry_island,
          chequers_serial_rivers_micro_d
Lair:4:   layout_loops_ring, minmay_slime_entry_eyes
Lair:5:   hangedman_lair_tendril_chambers, layout_long_grid, special_room
          [special_room_mythical_zoo], guppyfry_lair_drakes, uniq_urug

Skill      XL: |  1  2  3  4  5  6  7  8  9 10 11 12 13 |
---------------+----------------------------------------+-----
Stealth        | 2 |  2.1
Dodging        | 2 3 4 5 6 8 9 |  9.1
Fighting       | 1 2 3 4 5 6 8 9 11 | 11.6
Necromancy     | 5 6 7 9 10 11 12 13 | 13.4
Spellcasting   | 3 4 5 6 8 9 10 11 | 11.0
Shields        | 1 5 |  5.9

Action                     |  1- 3 |  4- 6 |  7- 9 | 10-12 | 13-15 || total
---------------------------+-------+-------+-------+-------+-------++-------
  Melee: Short sword       |    31 |    32 |   565 |       |       ||   628
         Punch             |       |       |    10 |       |       ||    10
         Morningstar       |       |       |    51 |   313 |    27 ||   391
   Cast: Necrotise         |    83 |    97 |   132 |    80 |     9 ||   401
         Vampiric Draining |       |     7 |    61 |   163 |    39 ||   270
         Animate Dead      |       |       |     2 |     5 |     1 ||     8
         Curse of Agony    |       |       |       |    21 |     1 ||    22
  Evoke: Wand              |       |       |     5 |       |       ||     5
    Use: Potion            |       |       |     1 |       |     3 ||     4
         Scroll            |       |       |       |     7 |       ||     7
   Stab: Distracted        |       |       |       |     4 |       ||     4
 Armour: Robe              |     5 |       |       |       |       ||     5
         Leather armour    |    23 |    33 |   580 |   377 |   101 ||  1114
  Dodge: Dodged            |    25 |    35 |   579 |   345 |    90 ||  1074
  Block: Buckler           |       |       |    42 |    96 |    25 ||   163
